 Dungeon Crawl Stone Soup version 0.31-a0-236-g9a0961fb85 (webtiles) character file.

Game seed: 7006019019008286802

145 qw the Shooter (level 5, -1/30 HPs)
             Began as a Gargoyle Hexslinger on July 10, 2023.
             Was an Initiate of Okawaru.
             Slain by Duvessa
             ... wielding a +0 short sword
              (4 damage)
             ... on level 4 of the Dungeon.
             The game lasted 00:01:14 (2576 turns).

qw the Shooter (Gargoyle Hexslinger)                Turns: 2576, Time: 00:01:14

Health: -1/30      AC: 10    Str: 11    XL:     5   Next: 27%
Magic:  6/6        EV: 10    Int: 14    God:    Okawaru [......]
Gold:   243        SH:  0    Dex: 14    Spells: 5/6 levels left

rFire   . . .        Y - +1 sling
rCold   . . .        (no shield)
rNeg    + . .        e - +0 ring mail
rPois   inf          c - +0 helmet
rElec   +            (no cloak)
rCorr   .            (no gloves)
SInv    .            (no boots)
Will    .....        i - amulet of regeneration
Stlth   +            (no ring)
HPRegen 1.05/turn    (no ring)
MPRegen 0.10/turn

%: no passive effects
@: no status effects
A: sickness immunity, AC +4, negative energy resistance 1, electricity
resistance, torment resistance 1, petrification resistance
a: Renounce Religion


You were on level 4 of the Dungeon.
You worshipped Okawaru.
Okawaru was noncommittal.
You visited 2 branches of the dungeon, and saw 5 of its levels.

You collected 243 gold pieces.


Innate Abilities, Weirdness & Mutations

You are immune to sickness and miasma.
Your stone body is resilient. (AC +4)
You are immune to poison.
You resist negative energy. (rN+)
You are resistant to electric shocks. (rElec)
You are resistant to unholy torment.
You are immune to petrification.


   Skills:
 - Level 2.0 Fighting
 + Level 4.9 Ranged Weapons
 - Level 1.0 Armour
 - Level 1.5 Dodging
 - Level 1.0 Spellcasting
 - Level 2.6 Hexes


You had 5 spell levels left.
You knew the following spells:

 Your Spells              Type           Power      Damage    Failure   Level
a - Slow                  Hex            32%        N/A       21%         1

Your spell library contained the following spells:

 Spells                   Type           Power      Damage    Failure   Level
 Inner Flame              Hex/Fire       4%         N/A       71%         3
 Portal Projectile        Hex/Tloc       8%         N/A       71%         3
 Cause Fear               Hex            4%         N/A       90%         4

Inventory:

Hand Weapons
 Y - a +1 sling (weapon)
Armour
 c - a +0 helmet (worn)
 e - a +0 ring mail (worn)
Jewellery
 i - an amulet of regeneration (around neck)
Scrolls
 k - a scroll of noise {unknown}
Potions
 a - a potion of lignification {unknown}
 b - 2 potions of brilliance {unknown}
 d - a potion of attraction {unknown}
 f - 2 potions of haste {unknown}
 h - a potion of invisibility {unknown}
 j - a potion of might {unknown}
 l - a potion of curing {unknown}

Dungeon Overview and Level Annotations

Branches:
Dungeon (4/15)             Temple (1/1) D:4

Altars:
Ashenzari
Gozag
Okawaru
Uskayaw
Vehumet
Xom
The Shining One

Annotations:
D:4 Dowan, Duvessa


Message History

Dowan gestures at you while chanting. The puff of frost hits you!
You shoot a sling bullet.
The sling bullet closely misses Duvessa.
Duvessa hits you with a +0 short sword. x2
You shoot a sling bullet. The sling bullet hits Duvessa.
Duvessa is lightly wounded.
Duvessa hits you but does no damage. Dowan gestures at you while chanting.
You resist with some effort. Duvessa hits you with a +0 short sword.
Dowan says, "There's a certain beauty in death, don't you think?"
You shoot a sling bullet. The sling bullet hits Duvessa!
Duvessa is moderately wounded.
Duvessa closely misses you. Duvessa hits you but does no damage.
You shoot a sling bullet.
The sling bullet hits Dowan but does no damage.
Dowan is severely wounded.
Duvessa barely misses you. Dowan hits you but does no damage.
Duvessa hits you with a +0 short sword.
You shoot a sling bullet.
The sling bullet hits Dowan but does no damage.
Dowan is severely wounded.
Duvessa closely misses you. Dowan closely misses you.
Duvessa hits you but does no damage. Dowan barely misses you.
You shoot a sling bullet. The sling bullet closely misses Dowan.
Duvessa hits you with a +0 short sword. x2; Dowan hits you but does no damage.
You shoot a sling bullet.
The sling bullet hits Dowan but does no damage.
Dowan is severely wounded.
Duvessa hits you but does no damage. Dowan hits you but does no damage.
Duvessa hits you with a +0 short sword.
You shoot a sling bullet. The sling bullet hits Dowan.
Dowan is almost dead.
Duvessa hits you but does no damage.
Dowan says, "Stay away from my face!"
Dowan mumbles some strange words.
Dowan blinks!
Duvessa hits you with a +0 short sword!
You shoot a sling bullet. The sling bullet closely misses Dowan.
Duvessa hits you with a +0 short sword.
You die...

##### .....# ..Z.### #Ze.# #@#
#e# #.# ##. #.########## ....#
#..........# :....
#..........# ..... ###
#..........# .....
#.###..........####
.....#######..##.............#
##


You could see Duvessa (fast), Dowan, a kobold zombie and a goblin skeleton.

Vanquished Creatures
  6 adders
  A worm (D:3)
  2 dart slugs
  4 orcs
  6 ball pythons
  7 endoplasms
  7 giant cockroaches
  7 goblins
  7 hobgoblins
  6 jackals
  A quokka (D:1)
  6 bats
  2 frilled lizards
  7 kobolds
  A kobold skeleton (D:4)
  6 rats
76 creatures vanquished.

Notes
Turn   | Place    | Note
-------+----------+-------------------------------------------
     0 | D:1      | qw the Gargoyle Hexslinger began the quest for the Orb.
     0 | D:1      | Reached XP level 1. HP: 12/12 MP: 2/2
     0 | D:1      | 0 ||| qw: Version: 0.3-a-52-g30416fa
     0 | D:1      | 0 ||| qw: Game counter: 4734
     0 | D:1      | 0 ||| qw: Melee chars always use a shield: true
     0 | D:1      | 0 ||| qw: God list: Okawaru
     0 | D:1      | 0 ||| qw: Allow faded altars: false
     0 | D:1      | 0 ||| qw: Do Orc after clearing Dungeon:15 true
     0 | D:1      | 0 ||| qw: Do second Lair branch before Depths: true
     0 | D:1      | 0 ||| qw: Lair rune preference: random
     0 | D:1      | 0 ||| qw: Goals: Normal
     0 | D:1      | 0 ||| PLANNING D:1-11
   231 | D:1      | Reached XP level 2. HP: 16/16 MP: 3/3
   250 | D:1      | Reached skill level 3 in Ranged Weapons
   322 | D:1      | 322 ||| UPGRADING to +0 ring mail.
   356 | D:1      | 356 ||| DROPPING +0 robe.
   389 | D:1      | 389 ||| UPGRADING to +0 helmet.
   550 | D:1      | Reached XP level 3. HP: 21/21 MP: 4/4
   645 | D:1      | 645 ||| DROPPING scarf of harm.
   815 | D:1      | 815 ||| DROPPING scroll of poison.
   905 | D:2      | Reached skill level 1 in Armour
  1135 | D:2      | Reached XP level 4. HP: 26/26 MP: 5/5
  1477 | D:2      | 1477 ||| READING scroll labelled ZOOLIQ MIGOLYT.
  1478 | D:2      | 1478 ||| READING scroll labelled IDGHEUT QOPYR.
  1479 | D:2      | 1479 ||| READING scroll labelled AKUOWK CAIFFA.
  1480 | D:2      | 1480 ||| READING 3 scrolls labelled RIARCH BOODD.
  1481 | D:2      | 1481 ||| READING scroll labelled ENEG XAIMA.
  1482 | D:2      | 1482 ||| DRINKING 3 black potions.
  1483 | D:2      | 1483 ||| DROPPING 2 scrolls of amnesia.
  1753 | D:3      | Found a faded altar of an unknown god.
  1893 | D:3      | Identified the +0 scale mail "Imuil" {*Corrode +Blink
                  | Int+3}
  1899 | D:3      | Reached skill level 4 in Ranged Weapons
  1923 | D:3      | HP: 6/26 [adder (2)]
  1924 | D:3      | 1924 ||| DRINKING 2 potions of heal wounds.
  1957 | D:3      | Reached XP level 5. HP: 28/30 MP: 6/6
  2178 | D:3      | 2178 ||| DROPPING amulet of magic regeneration.
  2179 | D:3      | 2179 ||| UPGRADING to amulet of regeneration.
  2184 | D:3      | 2184 ||| READING scroll labelled TEAVASHR ZEEQA.
  2185 | D:3      | 2185 ||| READING scroll labelled HAOMNUITIWN.
  2300 | D:4      | 2300 ||| STAIRDANCE
  2395 | D:4      | Found a staircase to the Ecumenical Temple.
  2396 | D:4      | 2396 ||| PLANNING TEMPLE
  2407 | Temple   | Entered the Ecumenical Temple
  2457 | Temple   | 2457 ||| PLANNING OKAWARU WORSHIP
  2484 | Temple   | Became a worshipper of Warmaster Okawaru
  2485 | Temple   | 2485 ||| PLANNING D:1-11
  2552 | D:4      | Noticed Dowan
  2552 | D:4      | Noticed Duvessa
  2564 | D:4      | HP: 6/30 [Duvessa/+0 short sword (9)]
  2565 | D:4      | 2565 ||| DRINKING potion of heal wounds.
  2575 | D:4      | HP: 2/30 [Duvessa/+0 short sword (8)]
  2576 | D:4      | Slain by Duvessa

Levels and vault maps discovered:
D:1:      reono_arrival_forest_river, layout_basic, minmay_hedge_maze,
          glass_columns_a, st_stairs_7, item_on_display_a
D:2:      layout_loops_ring
D:3:      layout_basic, hellmonk_ecumenical_altar_blasted,
          chequers_serial_rivers_marsh, minmay_joined_circles
D:4:      layout_rooms, dk_yredelemnul_ordeal, nicolae_qazlal_style_of_elements,
          minmay_temple_entry_large_hall, uniq_duvessa
Temple:   nicolae_temple_great_sept

Skill      XL: |  1  2  3  4 |
---------------+-------------+-----
Ranged Weapons | 3 4 |  4.9
Fighting       | 2 |  2.0
Armour         | 1 |  1.0
Dodging        | |  1.5
Spellcasting   | |  1.0
Hexes          | |  2.6

Action                     |  1- 3 |  4- 6 || total
---------------------------+-------+-------++-------
   Fire: Sling             |   117 |   152 ||   269
    Use: Scroll            |       |     7 ||     7
         Potion            |       |     3 ||     3
 Armour: Robe              |     5 |       ||     5
         Ring mail         |    28 |    75 ||   103
         Skin              |     1 |       ||     1
  Dodge: Dodged            |    64 |    74 ||   138

Table legend:
 A = Non-vault XP
 B = Vault XP
 C = Vault XP percentage of total XP
 D = Non-vault monster count
 E = Vault monster count
 F = Vault count percentage of total count
                 A         B        C        D         E       F
            +---------+---------+-------+---------+---------+-------
      Total |     146 |      62 |  29.8 |      61 |      15 |  19.7
            +---------+---------+-------+---------+---------+-------
        D:1 |      36 |       4 |  10.0 |      21 |       3 |  12.5
        D:2 |      48 |       0 |   0.0 |      15 |       0 |   0.0
        D:3 |      45 |      57 |  55.9 |      17 |      11 |  39.3
        D:4 |      17 |       1 |   5.6 |       8 |       1 |  11.1
            +---------+---------+-------+---------+---------+-------
